Map: Dusk Towers

Players

ELESTRAGO - Winner!

  • Race: Terran Terran
  • League: Master

Miszu

  • Race: Terran Terran
  • League: Master

VOD

Have the link to the VOD?

Description

Time

  • Played on: June 13, 2016, 12:58 p.m.
  • Length: 4:24
Show
View Real Time Build Order
Export as new Build Order

ELESTRAGO Terran - Winner!

Build Orders: 1/1/1 

Get SALT Encoding   

  12  0:01  SCV  
  13  0:13  SCV  
  14  0:20  Supply Depot  
  14  0:25  SCV  
  14  0:28  Refinery  
  15  0:42  SCV  
  16  0:44  Barracks  
  16  0:54  SCV  
  17  1:06  SCV  
  17  1:10  Supply Depot  
  19  1:18  SCV  
  19  1:33  Marine, Orbital Command  
  19  1:34  Factory  
  20  1:51  Marine  
  21  1:58  SCV  
  22  2:09  Marine  
  22  2:12  SCV  
  24  2:19  Starport, Hellion  
  26  2:24  SCV  
  26  2:26  Supply Depot  
  26  2:27  Marine  
  28  2:36  SCV  
  29  2:40  Hellion  
  31  2:47  Marine  
  31  2:48  SCV  
  33  2:53  Supply Depot  
  33  2:59  Medivac  
  33  3:01  Widow Mine  
  33  3:02  SCV  
  38  3:10  Marine  
  38  3:14  SCV  
  38  3:19  Command Center  
  39  3:28  Marine  
  39  3:30  SCV  
  39  3:31  Refinery, Factory Tech Lab  
  41  3:37  Viking  
  43  3:43  Supply Depot  
  43  3:44  SCV  
  43  3:48  Marine  
  45  3:58  SCV  
  45  4:02  Supply Depot  
Show
View Real Time Build Order
Export as new Build Order

Miszu Terran 

Build Orders: 1/1/1 

Get SALT Encoding   

  12  0:00  SCV  
  13  0:12  SCV  
  14  0:18  Supply Depot  
  14  0:25  SCV  
  15  0:30  Refinery  
  15  0:40  SCV  
  16  0:46  Barracks  
  16  0:52  SCV  
  17  1:04  SCV  
  18  1:12  Refinery  
  18  1:16  SCV  
  19  1:28  SCV  
  20  1:37  Factory  
  21  1:40  Orbital Command  
  21  1:50  Reaper  
  21  1:52  Supply Depot  
  21  2:06  SCV  
  22  2:18  SCV  
  22  2:21  Starport, Hellion  
  22  2:22  Reaper  
  26  2:30  SCV  
  26  2:32  Supply Depot  
  27  2:42  Hellion, SCV  
  30  2:56  Reaper  
  32  3:02  Medivac  
  32  3:04  Hellion  
  36  3:06  Supply Depot  
  36  3:16  Command Center  
  35  3:23  SCV  
  36  3:28  Barracks Tech Lab  
  36  3:38  Supply Depot  
  36  3:49  SCV  
  36  3:52  Factory Tech Lab  
  40  3:56  Barracks Reactor  
  40  4:03  SCV  
  40  4:08  Barracks  
  40  4:09  Barracks  
Tags
 
Add a new tag
Caveats
  • Supply blocks, unpowered buildings, or Contaminate may cause inaccurate times.
  • Supply counts are checked every 10 seconds.